 Dungeon Crawl Stone Soup version 0.26.1-2-gb8aa6d0cf2 (webtiles) character file.

Game seed: 3943650745388202340

65 Gadfly the Skirmisher (level 4, 0/72 HPs)
             Began as an Ogre Monk on Feb 12, 2021.
             Succumbed to goblin's curare-tipped dart
             ... on level 2 of the Dungeon.
             The game lasted 00:01:35 (1820 turns).

Gadfly the Skirmisher (Ogre Monk)                   Turns: 1820, Time: 00:01:35

Health: 0/72       AC: 22    Str: 14    XL:     4   Next: 14%
Magic:  5/5        EV:  1    Int: 11    God:
Gold:   25         SH:  0    Dex: 11    Spells: 3/3 levels left

rFire    . . .     SeeInvis .   a - +0 mace
rCold    . . .     Faith    .   (no shield)
rNeg     + + +     Spirit   .   (armour currently unavailable)
rPois    +         Reflect  .   (helmet currently unavailable)
rElec    .         Harm     .   (cloak currently unavailable)
rCorr    .         Rampage  .   (gloves unavailable)
Will     .....     NoTele   +   (boots unavailable)
Stlth    ++........             (no amulet)
HPRegen  0.22/turn              (no ring)
MPRegen  0.09/turn              (no ring)

@: brilliant, lethally poisoned (0 -> -8), tree-form, slowed, very slow
A: large, unfitting armour, screaming 1, weak 1
a: no special abilities


You were on level 2 of the Dungeon.
You were a tree.
You visited 1 branch of the dungeon, and saw 2 of its levels.

You collected 25 gold pieces.

Inventory:

Hand Weapons
 a - a +0 mace (weapon)
Missiles
 c - 9 stones (quivered)
 d - a throwing net
Armour
 b - a +0 robe (melded)
Scrolls
 i - 2 scrolls of remove curse
Potions
 e - a potion of brilliance
 g - a potion of might
 j - 2 potions of resistance


   Skills:
 - Level 4.0 Fighting
 + Level 2.9 Maces & Flails
 * Level 1.3 Throwing
 * Level 1.1 Armour
 - Level 2.6 Dodging
 - Level 1.4 Stealth
 * Level 1.5 Invocations
 * Level 1.2 Evocations


You had 3 spell levels left.
You didn't know any spells.
Your spell library was empty.

Dungeon Overview and Level Annotations

Branches:
Dungeon (2/15)

Altars:
Makhleb
Nemelex Xobeh
Zin

Annotations:
D:2 1 runed translucent door, Crazy Yiuf


Innate Abilities, Weirdness & Mutations

You are too large for most types of armour.
((You have tough skin. (AC +1)))
((You can translocate small distances at will.))
You occasionally shout uncontrollably at your foes.
You are weak. (Str -2)


Message History

Unknown command.
It was a potion of brilliance.
You feel clever all of a sudden.
* * * LOW HITPOINT WARNING * * *
You feel sick. The adder bites you.
* * * LOW HITPOINT WARNING * * *
The adder bites you but does no damage.
Unknown command.
It was a potion of mutation.
You feel extremely strange.
You feel weaker.
You feel the urge to shout.
You feel jittery.
* * * LOW HITPOINT WARNING * * *
You feel sick.
The adder bites you but does no damage. x2
You hit the adder but do no damage.
The adder is almost dead.
* * * LOW HITPOINT WARNING * * *
You feel very sick. The adder completely misses you.
The adder bites you but does no damage.
You miss the adder.
The adder is almost dead.
You die...

.### ...# #.#.# .####.#
...# #.#.# .# .......
8..## #.#.##. .....'#
....# ###...... .......
....# #......# ..8....
.#..# #.≈.≈..## .......
.#.#####.≈≈≈≈..###Z......
........≈≈≈≈(≈..♣Sg......
.#.#####.§§§≈..####......
#### #§§§P§.§....?.....
#####..#####.#.... ####
#....# ... )..# ##.#.# +#
...# #.#.# ... #.. . #+#
### ##


You could see an adder, a leopard gecko zombie and a goblin.

Vanquished Creatures
  A hound skeleton (D:2)
  A gnoll (D:1)
  3 adder skeletons (D:2)
  An adder zombie (D:2)
  A leopard gecko (D:1)
  A bat (D:2)
  2 bat skeletons (D:2)
  A giant cockroach (D:2)
  4 goblins
  2 hobgoblins
  6 kobolds
  A ball python zombie (D:2)
  2 frilled lizards
  A giant cockroach zombie (D:2)
  3 rats
30 creatures vanquished.

Notes
Turn   | Place    | Note
-------+----------+-------------------------------------------
     0 | D:1      | Gadfly the Ogre Monk began the quest for the Orb.
     0 | D:1      | Reached XP level 1. HP: 24/24 MP: 1/1
     6 | D:1      | Noticed a hog
     6 | D:1      | Noticed a wyvern
    15 | D:1      | Noticed a snapping turtle
    16 | D:1      | Noticed a lindwurm
    66 | D:1      | Reached XP level 2. HP: 3/32 MP: 2/2
   816 | D:1      | Reached skill level 1 in Invocations
  1198 | D:1      | Reached XP level 3. HP: 39/39 MP: 3/3
  1295 | D:2      | Reached skill level 1 in Throwing
  1528 | D:2      | Found a runed translucent door.
  1529 | D:2      | Noticed Crazy Yiuf
  1547 | D:2      | Found a glowing silver altar of Zin.
  1547 | D:2      | Found a sparkling altar of Nemelex Xobeh.
  1548 | D:2      | Found a burning altar of Makhleb.
  1641 | D:2      | Reached skill level 1 in Evocations
  1725 | D:2      | Reached skill level 1 in Armour
  1773 | D:2      | Reached XP level 4. HP: 44/48 MP: 5/5
  1818 | D:2      | Gained mutation: You are weak. (Str -2) [potion of
                  | mutation]
  1818 | D:2      | Gained mutation: You occasionally shout uncontrollably at
                  | your foes. [potion of mutation]
  1818 | D:2      | Gained mutation: You can translocate small distances at
                  | will. [potion of mutation]
  1819 | D:2      | HP: 2/72 [poisoned by goblin (curare-tipped dart)]
  1820 | D:2      | Succumbed to goblin's curare-tipped dart

Illustrated notes

Levels and vault maps discovered:
D:1:      onia_arrival_zoo_common, layout_basic, serial_park_tiny_1,
          hangedman_abyss_or_decor_lesser_grid
D:2:      layout_loops_corners, gammafunk_temple_overflow_forgotten,
          serial_undead, serial_undead_f, serial_undead_c, serial_undead_c,
          serial_undead_d, serial_undead_e, serial_undead_f, serial_undead_a,
          serial_undead_d, uniq_crazy_yiuf_cottage

Skill      XL: |  1  2  3 |
---------------+----------+-----
Invocations    | 1 |  1.5
Throwing       | 1 |  1.3
Evocations     | 1 |  1.2
Armour         | 1 |  1.1
Fighting       | |  4.0
Maces & Flails | |  2.9
Dodging        | |  2.6
Stealth        | |  1.4

Action                   |  1- 3 |  4- 6 || total
-------------------------+-------+-------++-------
Melee: Mace              |   107 |    20 ||   127
Throw: Stone             |     7 |       ||     7
  Use: Scroll            |     4 |       ||     4
       Potion            |     3 |     3 ||     6
 Stab: Sleeping          |     2 |       ||     2
Armor: Robe              |    28 |     8 ||    36
       Skin              |       |     6 ||     6
Dodge: Dodged            |    67 |    16 ||    83
